 Dungeon Crawl Stone Soup version 0.21-a0-344-g2144152 (webtiles) character file.

1314 Atlas the Magician (level 8, -3/54 HPs)
             Began as a Mummy Ice Elementalist on Oct 4, 2017.
             Was an Initiate of Gozag.
             Slain by an orc warrior
             ... wielding a cursed -1 trident
              (14 damage)
             ... on level 6 of the Dungeon.
             The game lasted 00:10:37 (6875 turns).

Atlas the Magician (Mummy Ice Elementalist)         Turns: 6875, Time: 00:10:38

Health: -3/54      AC: 10    Str: 11    XL:     8   Next: 32%
Magic:  10/18      EV: 12    Int: 17    God:    Gozag
Gold:   451        SH:  4    Dex: 12    Spells: 7/21 levels left

rFire    x . .     SeeInvis .   n - +1 whip (elec)
rCold    + . .     Gourm    .   l - +0 buckler
rNeg     + + +     Faith    .   e - +0 leather armour
rPois    ∞         Spirit   .   (no helmet)
rElec    .         Reflect  .   (no cloak)
rCorr    .         Harm     .   p - +0 pair of gloves
MR       +....                  (no boots)
Stlth    ++........             (no amulet)
HPRegen  0.18/turn              (no ring)
MPRegen  0.16/turn              (no ring)

@: icy armour, very slightly contaminated, slow
A: no food or potions, fire vulnerability, cold resistance 1, negative energy
resistance 3, torment resistance, unbreathing
a: Potion Petition, Call Merchant, Bribe Branch, Renounce Religion


You were on level 6 of the Dungeon.
You worshipped Gozag.
Gozag was aware of your devotion.
You were not hungry.

You visited 1 branch of the dungeon, and saw 6 of its levels.

You collected 518 gold pieces.
You paid 67 gold pieces to Gozag.

Inventory:

Hand Weapons
 n - a +1 whip of electrocution (weapon)
 q - the +8 mace of War {holy, rElec Int+4, unknown}
   (You found it on level 6 of the Dungeon)

   It has been blessed by the Shining One to cause great damage to the undead
   and demons.
   It affects your intelligence (+4).
   It insulates you from electricity.
Armour
 e - a +0 leather armour (worn)
 l - a +0 buckler (worn)
 p - a +0 pair of gloves (worn)
Wands
 g - a wand of lightning (7/15)
 h - a wand of polymorph (3/24)
 m - a wand of random effects (18/48)
Scrolls
 a - 3 scrolls of magic mapping
 c - a scroll of amnesia
 d - 2 scrolls of recharging {unknown}
 f - a scroll of blinking
 i - 3 scrolls of teleportation
 j - a scroll of enchant weapon
 k - 4 scrolls of remove curse
 o - a scroll of summoning {unknown}
Books
 b - a book of Frost

   Spells                             Type                      Level
   a - Freeze                         Ice                          1
   b - Throw Frost                    Conjuration/Ice              2
   c - Ozocubu's Armour               Charms/Ice                   3
   d - Throw Icicle                   Conjuration/Ice              4
   e - Summon Ice Beast               Ice/Summoning                4


   Skills:
 - Level 1.4 Fighting
   Level 1.6 Staves
 - Level 2.1 Armour
 - Level 2.8 Dodging
 - Level 1.6 Stealth
 + Level 2.2 Shields
 - Level 7.2 Spellcasting
 - Level 1.0 Conjurations
 - Level 0.8 Charms
 - Level 0.1 Summonings
 - Level 5.3 Ice Magic


You had 7 spell levels left.
You knew the following spells:

 Your Spells              Type           Power        Failure   Level  Hunger
a - Freeze                Ice            ###.         2%          1    N/A
b - Throw Frost           Conj/Ice       ###...       8%          2    N/A
c - Ozocubu's Armour      Chrm/Ice       ###.....     16%         3    N/A
d - Throw Icicle          Conj/Ice       ###.....     45%         4    N/A
e - Summon Ice Beast      Ice/Summ       ###.....     52%         4    N/A

Dungeon Overview and Level Annotations

Branches:
Dungeon (6/15)             Temple (0/1) D:6

Altars:
Ashenzari
Dithmenos
Gozag
Sif Muna
Trog
Wu Jian
Xom
Yredelemnul
Zin
The Shining One

Shops:
D:5 =


Innate Abilities, Weirdness & Mutations

You do not eat or drink.
Your flesh is vulnerable to fire.
You are immune to poison.
Your flesh is cold resistant. (rC+)
You are immune to negative energy. (rN+++)
You are immune to unholy pain and torment.
You can survive without breathing.


Message History

You resist. Heat is drained from your body! You block the orc warrior's attack.
An orc comes into view.
Casting: Summon Ice Beast
Confirm with . or Enter, or press ? or * to list all spells.
The spell is very dangerous to cast!
Continue anyway?
You miscast Summon Ice Beast.
The orc moves out of view.
The orc warrior hits you from afar with a trident!!
* * * LOW HITPOINT WARNING * * *
The orc wizard mumbles some strange words.
The orc wizard seems to speed up.
The orc warrior barely misses you.
The orc wizard casts a spell.
The orc wizard blinks!
A hound comes into view.
Okay, then.
The orc wizard casts a spell.
The orc wizard blinks!
The orc warrior hits you from afar with a trident!
You die...
Your body crumbles into a pile of gold.

.....................####.....#
........#......##.##.# #(..oo#
###.#...#......##.##.# #(....#
###<#...#......##.##.# ###...#
.####...#.###..##.##.#######..#
..# #...#.# #..##....o..oh..o.#..
_.# #...#.###..#####.#######..#..
..###...#.#....#####.########.#..
................@.oo..o..........
####.#.##.#.##...................
##.#.#..#.............##...#..#
....................#.##...#.>.
.....#..##########..#.##[......
.##.###..# #..#.##....### #. #.#
#..###### #..#.##....### # #.#
#.......# ###............. #. #.#
#.......# #......###.#.###


You could see an orc warrior, an orc wizard and an orc.

Vanquished Creatures
  Pikel (D:5)
  2 slaves (D:4)
  2 scorpions
  A crimson imp (D:5)
  3 hounds
  A quasit (D:5)
  A bullfrog zombie (D:6)
  2 orc priests (D:4)
  A centaur skeleton (D:5)
  Natasha (thrice) (D:2)
  A worker ant (D:5)
  Ijyb (D:4)
  A howler monkey zombie (D:6)
  10 adders
  3 gnolls (D:5)
  A shadow imp (D:5)
  An ooze (D:5)
  An adder skeleton (D:5)
  2 adder zombies (D:5)
  6 worms
  2 dart slugs
  4 leopard geckos
  6 orcs (D:4)
  A ball python (D:2)
  5 bats
  3 giant cockroaches
  2 goblins (D:1)
  3 hobgoblins
  13 jackals
  2 quokkas
  6 frilled lizards
  3 kobolds (D:3)
  A leopard gecko skeleton (D:5)
  2 leopard gecko zombies (D:5)
  A quokka skeleton (D:2)
  7 rats
105 creatures vanquished.

Vanquished Creatures (collateral kills)
  The ghost of paralogiki the Skirmisher, an amateur GnWn (D:4)
1 creature vanquished.

Grand Total: 106 creatures vanquished

Notes
Turn   | Place    | Note
-------+----------+-------------------------------------------
     0 | D:1      | Atlas the Mummy Ice Elementalist began the quest for the Orb.
     0 | D:1      | Reached XP level 1. HP: 13/13 MP: 4/4
   301 | D:1      | Reached XP level 2. HP: 16/19 MP: 2/5
   724 | D:2      | Reached skill level 3 in Spellcasting
   845 | D:2      | Reached XP level 3. HP: 19/24 MP: 0/7
   907 | D:2      | Learned a level 2 spell: Throw Frost
   911 | D:2      | Learned a level 3 spell: Ozocubu's Armour
  1791 | D:2      | Reached XP level 4. HP: 24/30 MP: 5/9
  1981 | D:2      | Noticed Natasha
  1988 | D:2      | Killed Natasha
  1988 | D:2      | Reached skill level 4 in Spellcasting
  2233 | D:2      | Noticed Natasha
  2241 | D:2      | Killed Natasha
  2367 | D:2      | Reached XP level 5. HP: 35/35 MP: 7/11
  2433 | D:2      | Noticed Natasha
  2438 | D:2      | Killed Natasha
  2760 | D:3      | Found a bloodstained altar of Trog.
  2782 | D:3      | Found a glowing golden altar of the Shining One.
  3555 | D:4      | Found a deep blue altar of Sif Muna.
  3571 | D:4      | Learned a level 4 spell: Throw Icicle
  3592 | D:4      | Reached skill level 5 in Spellcasting
  3744 | D:4      | Reached XP level 6. HP: 38/41 MP: 1/13
  3996 | D:4      | Noticed Ijyb
  4004 | D:4      | Killed Ijyb
  4015 | D:4      | Noticed paralogiki's ghost (amateur GnWn)
  4019 | D:4      | Found an opulent altar of Gozag.
  4025 | D:4      | Became a worshipper of Gozag Ym Sagoz the Greedy
  4274 | D:4      | Learned a level 4 spell: Summon Ice Beast
  4322 | D:4      | Reached skill level 1 in Armour
  4553 | D:4      | Killed paralogiki's ghost
  4553 | D:4      | Reached skill level 6 in Spellcasting
  4553 | D:4      | Reached XP level 7. HP: 16/47 MP: 9/16
  5006 | D:5      | Entered Level 5 of the Dungeon
  5078 | D:5      | Found a basalt altar of Yredelemnul.
  5217 | D:5      | Noticed Pikel
  5562 | D:5      | Found a shimmering altar of Xom.
  5564 | D:5      | Found a shattered altar of Ashenzari.
  5564 | D:5      | Found a glowing silver altar of Zin.
  5567 | D:5      | Found a shadowy altar of Dithmenos.
  5567 | D:5      | Found an ornate altar of the Wu Jian Council.
  5567 | D:5      | Found a shattered altar of Ashenzari.
  5606 | D:5      | Killed Pikel
  5606 | D:5      | Reached skill level 1 in Fighting
  5606 | D:5      | Reached skill level 1 in Staves
  5606 | D:5      | Reached skill level 7 in Spellcasting
  5606 | D:5      | Reached skill level 1 in Conjurations
  5606 | D:5      | Reached skill level 5 in Ice Magic
  5606 | D:5      | Reached XP level 8. HP: 54/54 MP: 7/18
  5680 | D:5      | Found Yrchanitt's Jewellery Shop.
  6199 | D:6      | Found a shadowy altar of Dithmenos.
  6209 | D:6      | Reached skill level 1 in Shields
  6570 | D:6      | Found a staircase to the Ecumenical Temple.
  6811 | D:6      | Got a bloodstained mace
  6875 | D:6      | Slain by an orc warrior

Vault maps used:
D:1:      minmay_arrival_four_circles, chequers_big_river
D:2:      minmay_cut_off, uniq_natasha
D:3:      overflow_temple_1_default, tso_metal_star, minmay_misc_feat_columns,
          minivault_27
D:4:      grunt_gozag_statues, led_sif_book, first_bread, uniq_ijyb
D:5:      yredelemnul_altar_generic, doesnt_xom_only_xom, serial_shops,
          nicolae_shop_statue_plus, uniq_pikel
D:6:      kennysheep_mini_moat, minmay_temple_entry_poolview,
          hangedman_feature_mirror

Skill      XL: |  1  2  3  4  5  6  7  8 |
---------------+-------------------------+-----
Dodging        | 2 |  2.8
Spellcasting   | 3 4 5 6 7 |  7.2
Ice Magic      | 3 4 5 |  5.3
Armour         | 1 2 |  2.1
Fighting       | 1 |  1.4
Staves         | 1 |  1.6
Conjurations   | 1 |  1.0
Shields        | 2 |  2.2
Stealth        | |  1.6
Charms         | |  0.8
Summonings     | |  0.1

Action                   |  1- 3 |  4- 6 |  7- 9 || total
-------------------------+-------+-------+-------++-------
Melee: Unarmed           |    20 |     6 |       ||    26
       Quarterstaff      |       |    17 |    81 ||    98
       Whip              |       |       |    62 ||    62
 Cast: Freeze            |    58 |   118 |    34 ||   210
       Throw Frost       |       |     2 |     1 ||     3
       Ozocubu's Armour  |       |     1 |     8 ||     9
       Summon Ice Beast  |       |     2 |       ||     2
Invok: Potion Petition   |       |       |     1 ||     1
  Use: Scroll            |       |     7 |       ||     7
 Stab: Sleeping          |       |       |     1 ||     1
Armor: Robe              |     6 |       |       ||     6
       Leather armour    |     8 |    25 |    52 ||    85
Dodge: Dodged            |    34 |    58 |   154 ||   246
Block: Buckler           |       |       |     5 ||     5

Table legend:
 A = Spawn XP
 B = Non-spawn XP
 C = Spawn XP percentage of total XP
 D = Spawn monster count
 E = Non-spawn monster count
 F = Spawn count percentage of total count
 G = Total turns spent on level
                    A         B        C        D         E        F      G
               +---------+---------+-------+---------+---------+-------+---------
         Total |       0 |    1878 |   0.0 |       0 |     104 |   0.0 |  6875
               +---------+---------+-------+---------+---------+-------+---------
           D:1 |       0 |      17 |   0.0 |       0 |       9 |   0.0 |   693
           D:2 |       0 |     215 |   0.0 |       0 |      25 |   0.0 |  1899
           D:3 |       0 |      70 |   0.0 |       0 |      26 |   0.0 |  1045
           D:4 |       0 |     542 |   0.0 |       0 |      15 |   0.0 |  1496
           D:5 |       0 |     838 |   0.0 |       0 |      21 |   0.0 |  1052
           D:6 |       0 |     196 |   0.0 |       0 |       8 |   0.0 |   690
               +---------+---------+-------+---------+---------+-------+---------
